 Seeded DCSS version 0.30-a0-808-g6e0788376e (webtiles) character file.

Game seed: 6109719294089170921 (custom seed)

35 Mickster the Caller (level 3, -2/26 HPs)
             Began as a Hill Orc Wanderer on Feb 25, 2023.
             Slain by a kobold
             ... wielding a +0 quarterstaff
              (6 damage)
             ... on level 2 of the Dungeon.
             The game lasted 00:11:40 (1084 turns).

Mickster the Caller (Hill Orc Wanderer)             Turns: 1084, Time: 00:11:41

Health: -2/26      AC:  7    Str: 14    XL:     3   Next: 33%
Magic:  4/5        EV:  9    Int: 14    God:
Gold:   34         SH:  0    Dex: 10    Spells: 4/5 levels left

rFire   . . .      SeeInvis .    a - +0 spear
rCold   . . .      Faith    .    (no shield)
rNeg    . . .      Spirit   .    j - +0 scale mail
rPois   .          Reflect  .    e - +1 hat
rElec   .          Harm     .    (no cloak)
rCorr   .          Rampage  .    (no gloves)
Will    .....                    (no boots) Stlth
                                 (no amulet)
HPRegen 0.24/turn                (no ring)
MPRegen 0.09/turn                (no ring)

@: lethally poisoned (-2 -> -5)
A: no striking features
a: no special abilities


You were on level 2 of the Dungeon.
You visited 1 branch of the dungeon, and saw 2 of its levels.

You collected 34 gold pieces.

Inventory:

Hand Weapons
 a - a +0 spear (weapon)
 f - a +0 sling
 g - a +0 hand axe
Armour
 b - a +0 helmet
 d - a +0 robe
 e - a +1 hat (worn)
 j - a +0 scale mail (worn)
Jewellery
 i - a ring of flight
Scrolls
 k - a scroll of summoning


   Skills:
 + Level 1.7 Polearms
 + Level 1.1 Dodging
 + Level 2.1 Stealth
 + Level 1.8 Spellcasting
 + Level 3.4 Summonings
 + Level 1.2 Invocations


You had 4 spell levels left.
You knew the following spells:

 Your Spells              Type           Power      Damage    Failure   Level
a - Summon Small Mammal   Summ           40%        N/A       26%         1

Your spell library contained the following spells:

 Spells                   Type           Power      Damage    Failure   Level
 Call Canine Familiar     Summ           10%        N/A       61%         3
 Slow                     Hex            4%         N/A       73%         1
 Summon Guardian Golem    Hex/Summ       6%         N/A       85%         3
 Confusing Touch          Hex            1%         N/A       97%         3
 Vampiric Draining        Necr           1%         2d6       97%         3


Dungeon Overview and Level Annotations

Branches:
Dungeon (2/15)

Altars:


Message History

Your bat barely misses the adder.
Your bat closely misses the adder.
The adder bites you.
You are poisoned.
The adder poisons you!
Your bat hits the adder but does no damage.
You hit the adder but do no damage.
The adder is moderately wounded.
You feel sick.
Your bat completely misses the adder.
Your bat barely misses the adder. x2
Your bat hits the adder but does no damage.
The adder bites you but does no damage. The kobold hits you but does no damage.
You barely miss the adder.
The adder is moderately wounded.
You feel sick.
Your bat hits the kobold but does no damage.
The adder bites you.
Your bat barely misses the adder.
Your bat hits the kobold but does no damage.
The kobold hits you with a +0 quarterstaff.
* * * LOW HITPOINT WARNING * * *
The adder bites you but does no damage.
You hit the adder.
The adder is heavily wounded.
You feel sick.
Your bat misses the adder. Your bat hits the adder.
The kobold completely misses you. The adder closely misses your bat.
Your bat hits the adder. You hit the adder but do no damage.
The adder is severely wounded.
You feel sick.
Your bat barely misses the adder.
Your bat misses the adder. The adder bites you.
* * * LOW HITPOINT WARNING * * *
You are more poisoned.
The adder poisons you! The kobold closely misses you.
You completely miss the adder.
The adder is severely wounded.
* * * LOW HITPOINT WARNING * * *
You feel sick.
Your bat disappears in a puff of smoke!
The adder barely misses you.
The kobold hits you with a +0 quarterstaff.
You die...

#### ####...#.
##........
##......(#.
#..........
#..ยง.......
##..........
#...Sb.....#
##...@K.....#
#...........#
#.#.........#
##.#<....)...#
#..#.........#
#.##........#.
#.##..........
##.##.#......#.
#..# .#####.


You could see an adder (ally target), a kobold and a friendly bat (summoned).

Vanquished Creatures
  3 dart slugs (D:1)
  A bat (D:1)
  4 endoplasms
  A giant cockroach (D:1)
  A hobgoblin (D:2)
  3 jackals (D:1)
  3 kobolds
16 creatures vanquished.

Vanquished Creatures (collateral kills)
  A dart slug (D:1)
  2 bats (D:1)
  An endoplasm (D:1)
  A goblin (D:2)
  A ball python (D:1)
  A kobold (D:1)
  A rat (D:2)
8 creatures vanquished.

Grand Total: 24 creatures vanquished

Notes
Turn   | Place    | Note
-------+----------+-------------------------------------------
     0 | D:1      | Mickster the Hill Orc Wanderer began the quest for the Orb.
     0 | D:1      | Mickster set off with the following items: a +0 spear, a +0
                  | helmet, a potion of heal wounds, a +0 robe; and the
                  | following spell memorised: Summon Small Mammal; and the
                  | following spells available to memorise: Call Canine
                  | Familiar, Summon Guardian Golem.
     0 | D:1      | Reached XP level 1. HP: 14/14 MP: 3/3
   321 | D:1      | Reached XP level 2. HP: 18/20 MP: 1/4
   716 | D:1      | Reached XP level 3. HP: 14/26 MP: 5/5
  1074 | D:2      | HP: 1/26 [adder (1)]
  1084 | D:2      | Slain by a kobold

Illustrated notes

Levels and vault maps discovered:
D:1:      saegor_arrival_miasma, layout_rooms, minmay_heptomino_d4
D:2:      layout_rooms, dreamdust_ecumenical_altar_hidden_monk_grotto,
          solitary_fountain, st_stairs_12, nicolae_shop_unique_rings

Skill      XL: |  1 |
---------------+----+-----
Stealth        | 2 |  2.1
Polearms       | |  1.7
Dodging        | |  1.1
Spellcasting   | |  1.8
Summonings     | |  3.4
Invocations    | |  1.2

Action                     || total
---------------------------++-------
  Melee: Spear             ||    96
         Punch             ||     1
   Cast: Summon Small Mamm ||    14
    Use: Scroll            ||     3
         Potion            ||     2
   Stab: Distracted        ||     2
 Armour: Robe              ||    11
         Scale mail        ||    40
  Dodge: Dodged            ||    69

Table legend: (Time is in decaauts)
 A = Elapsed time spent in this place.
 B = Non-inter-level travel time spent in this place.
 C = Inter-level travel time spent in this place.
 D = Time resting spent in this place.
 E = Time spent auto-exploring this place.
 F = Levels seen in this place.
 G = Mean time per level.
                   A        B        C        D        E       F      G
               +--------+--------+--------+--------+--------+-----+--------+
         Total |   1087 |   1074 |     13 |    478 |      0 |   2 |  543.5 |
       Dungeon |   1087 |   1074 |     13 |    478 |      0 |   2 |  543.5 |
               +--------+--------+--------+--------+--------+-----+--------+

Top non-repeatable levels by time:
     D:1: 961 daAuts
     D:2: 126 daAuts
